 Dungeon Crawl Stone Soup version 0.32-a0-616-g9348d4545b (webtiles) character file.

Game seed: 2394222276844278710

5747 ytrimaz the Cleaver (level 10, -2/124 HPs)
             Began as a Coglin Gladiator on Mar 5, 2024.
             Was a Follower of Uskayaw.
             Slain by a killer bee (7 damage)
             ... on level 9 of the Dungeon.
             The game lasted 00:13:48 (8891 turns).

ytrimaz the Cleaver (Coglin Gladiator)              Turns: 8891, Time: 00:13:49

Health: -2/124     AC: 25    Str: 15    XL:     10   Next: 77%
Magic:  6/12       EV:  2    Int:  8    God:    Uskayaw [*.....]
Gold:   554        SH:  0    Dex: 16    Spells: 9/9 levels left

rFire   + . .        H - +1 eveningstar "Brilliance" {foul flame, Umbra}
rCold   + . .        t - +1 hammer of Hieso {venom, rElec rPois Str-3 SInv}
rNeg    . . .        s - melded +0 plate armour
rPois   +            c - melded +1 helmet
rElec   +            x - melded +2 cloak
rCorr   +            q - melded +0 pair of gloves
SInv    +            (boots currently unavailable)
Will    .....        (no amulet)
Stlth   ++           (no ring)
HPRegen 0.40/turn    (no ring)
MPRegen 0.13/turn    (no gizmo)

%: no passive effects
@: mighty, lethally poisoned (-2 -> -13), tree-form, resistant, marked, hasted
and slowed, wreathed by umbra, studying Shields, invisible
A: stationary, stasis, torment immunity, boosted hp, off-hand wielding, slow
wielding, warmup strikes, (no jewellery)
a: Invent Gizmo, Renounce Religion, Stomp


You were on level 9 of the Dungeon.
You worshipped Uskayaw.
Uskayaw was noncommittal.
You were a tree.
You visited 2 branches of the dungeon, and saw 10 of its levels.
You also visited: Bailey.

You collected 554 gold pieces.


Innate Abilities, Weirdness & Mutations

You are a tree.
Your roots penetrate the ground, keeping you stationary.
You cannot be teleported.
You are immune to unholy pain and torment.
Your maximum health is greatly increased.
Your equipment is partially melded.
You can wield a second weapon in your off-hand.
It takes a long time for you to wield or remove held weapons.
Your first few attacks do less damage.
((You cannot equip rings or amulets.))


   Skills:
 + Level 9.3 Fighting
 - Level 12.1(12.3) Axes
 + Level 2.7(7.6) Maces & Flails
 - Level 1.7 Throwing
 - Level 2.6 Dodging
 + Level 3.2 Invocations


You had 9 spell levels left.
You didn't know any spells.
Your spell library contained the following spells:

 Spells                   Type           Power      Damage    Failure   Level
 Freeze                   Ice            0%         1d3       41%         1
 Frozen Ramparts          Ice            0%         1d1       78%         3
 Hailstorm                Conj/Ice       0%         3d5       78%         3
 Animate Dead             Necr           0%         N/A       99%         4
 Borgnjor's Vile Clutch   Necr/Erth      0%         N/A       100%        5
 Iskenderun's Battlesphe  Conj           0%         2d6       100%        5
 Bombard                  Conj/Erth      0%         9d1       100%        6
 Death Channel            Necr           0%         N/A       100%        6
 Spellforged Servitor     Conj/Summ      0%         N/A       100%        7

Inventory:

Hand Weapons
 a - a +1 war axe {Vikramjeet}
 f - a +0 dagger {Qinisela}
 o - a +0 broad axe
   (You took it off an orc warrior in a bailey)
 t - the +1 hammer of Hieso (offhand) {venom, rElec rPois Str-3 SInv}
   (You found it on level 3 of the Dungeon)

   Str-3:     It affects your strength (-3).
   rElec:     It insulates you from electricity.
   rPois:     It protects you from poison.
   SInv:      It lets you see invisible.
 D - a +4 hand axe {Muriel}
   (You took it off a wight on level 7 of the Dungeon)
 G - a +0 broad axe
   (You took it off an orc warrior in a bailey)
 H - the +1 eveningstar "Brilliance" (weapon) {foul flame, Umbra}
   (You took it off an orc warrior in a bailey)

   Umbra:     It surrounds you with an aura of shadow, increasing your stealth
   and reducing the accuracy of all others within it.
Missiles
 d - 3 throwing nets
 e - a javelin
 E - 9 boomerangs
Armour
 b - a +0 leather armour
 c - a +1 helmet (melded)
 q - a +0 pair of gloves (melded)
   (You found it on level 2 of the Dungeon)
 s - a +0 plate armour (melded)
   (You found it on level 3 of the Dungeon)
 x - a +2 cloak (melded)
   (You took it off Crazy Yiuf on level 3 of the Dungeon)
 I - the +1 robe of Vines {NoPotionHeal Regen++++}
   (You took it off a kobold in a bailey)

   NoPotionHeal: Its wearer cannot be healed by potions.
   Regen++++: It increases your rate of health regeneration.
Wands
 j - a wand of digging (6)
   (You found it on level 5 of the Dungeon)
 l - a wand of quicksilver (6) (quivered)
   (You found it on level 5 of the Dungeon)
 u - a wand of flame (18)
   (You took it off Ijyb on level 3 of the Dungeon)
 y - a wand of paralysis (10)
   (You found it on level 6 of the Dungeon)
Scrolls
 n - 2 scrolls of teleportation
 p - a scroll of enchant weapon
 B - a scroll of enchant armour
 F - a scroll of acquirement
 J - a scroll of vulnerability
Potions
 h - a potion of resistance
 i - a potion of haste
 k - 3 potions of mutation
 r - a potion of attraction
 w - 6 potions of enlightenment
 z - a potion of invisibility

Dungeon Overview and Level Annotations

Branches:
Dungeon (9/15) Zot: 26537  Temple (1/1) D:7 Zot: 5969  Bailey (visited)
   Lair: D:8-11         Orc: D:9-12

Altars:
Ashenzari
Cheibriados
Dithmenos
Elyvilon
Fedhas
Gozag
Hepliaklqana
Kikubaaqudgha
Makhleb
Nemelex Xobeh
Okawaru
Qazlal
Ru
Sif Muna
Trog
Uskayaw
Vehumet
Wu Jian
Xom
Yredelemnul
Zin
The Shining One

Shops:
D:4 *

Annotations:
D:6 2 transporters, ForkInBrain's ghost, novice CoHu
D:9 Amaemon; Grum; Harold

....... g....../.......##
....... ...............##
.../... ...............##
..?.. #./......[......##
#........(.......##
#.g...............#
#.c@...............
.#####yhs.(.............
......Ks♣s6..............
......Kh.s...............
........4................
............[............
......)................ss
.....................6s.<
.......................ss
.................÷...4..
..........÷......


You could see Amaemon (unable to see you, very poisoned), Harold (unable to see
you), an orange demon (unable to see you), Grum (unable to see you), a kobold
brigand (unable to see you), 2 wolves, a centaur (unable to see you), 4
scorpions, a killer bee (unable to see you) and a kobold (unable to see you).


Message History

The scorpion stings you but does no damage.
The killer bee barely misses you. 😱 HP[+4]
You now have 124 max hp (+41).
You regained 4 hp, and now have 10/124 hp.
Unknown command.
It was a potion of heal wounds.
You feel much better.
You feel sick. The killer bee stings you.
* * * LOW HITPOINT WARNING * * *
The orange demon stings you but does no damage.
The scorpion stings you but does no damage. x4
The scorpion stings you.
* * * LOW HITPOINT WARNING * * *
You resist.
The killer bee stings you but does no damage. 😱 HP[+17]
You regained 17 hp, and now have 27/124 hp.
Unknown command.
Okay, then.
You are too confused!
It was a potion of invisibility.
You fade into invisibility!
You feel less invigorated.
You feel less confused.
You feel sick. The wolf bites you but does no damage.
The scorpion stings you but does no damage.
The scorpion stings you.
* * * LOW HITPOINT WARNING * * *
The killer bee barely misses you. The orange demon barely misses you.
The scorpion stings you but does no damage.
The centaur shoots an arrow.
The arrow barely misses the scorpion.
The arrow hits you.
* * * LOW HITPOINT WARNING * * *
The scorpion stings you but does no damage. x2
The wolf bites you but does no damage.
Harold throws a throwing net.
The throwing net hits the scorpion.
The scorpion is caught in the net!
The scorpion stings you but does no damage.
The scorpion struggles against the net.
The killer bee stings you but does no damage. 😱 HP[-2]
You take 2 damage, and now have 25/124 hp.
Unknown command.
You stomp with the beat, sending a shockwave through the revellers around you!
You can no longer stomp with the beat.
You feel sick. The killer bee barely misses you.
The scorpion stings you but does no damage.
The wolf bites you but does no damage.
The orange demon stings you but does no damage.
The scorpion barely misses you.
The scorpion stings you but does no damage.
Harold points at you and mumbles some strange words.
The scorpion is unaffected.
The scorpion stings you.
* * * LOW HITPOINT WARNING * * *
The scorpion struggles against the net.
The scorpion stings you but does no damage.
The killer bee stings you but does no damage.
You can now stomp with the beat. 😱 HP[-3] MP[-3]
You take 3 damage, and now have 22/124 hp.
You lost 3 mp, and now have 9/12 mp.
Unknown command.
Unknown command.
You stomp with the beat, sending a shockwave through the revellers around you!
You can no longer stomp with the beat.
You feel sick. The wolf bites you.
* * * LOW HITPOINT WARNING * * *
The killer bee stings you but does no damage.
The scorpion stings you.
* * * LOW HITPOINT WARNING * * *
You resist. The scorpion stings you.
* * * LOW HITPOINT WARNING * * *
The orange demon stings you but does no damage.
The centaur shoots an arrow.
The arrow hits the scorpion.
The scorpion dies!
The scorpion's corpse disappears in a puff of smoke!
The wolf bites you but does no damage. The scorpion stings you.
* * * LOW HITPOINT WARNING * * *
You are lethally poisoned!
The scorpion poisons you! The scorpion barely misses you.
Harold gestures at you while chanting.
The wolf is unaffected.
The killer bee stings you but does no damage.
The scorpion stings you.
* * * LOW HITPOINT WARNING * * *
You resist.
You can now stomp with the beat. 😱 HP[-13] MP[-3]
You take 13 damage, and now have 9/124 hp.
You lost 3 mp, and now have 6/12 mp.
Unknown command.
Unknown command.
It was a potion of might.
You feel very mighty all of a sudden.
* * * LOW HITPOINT WARNING * * *
You feel very sick.
The wolf bites you but does no damage. x2; The scorpion barely misses you.
The killer bee stings you!
You die...
Your body falls in perfect tune with the rhythm.

Skill      XL: |  1  2  3  4  5  6  7  8  9 10 |
---------------+-------------------------------+-----
Axes           | 4 5 7 9 11 12 | 12.1
Fighting       | 3 5 6 8 9 |  9.3
Invocations    | 3 |  3.2
Maces & Flails | 2 |  2.7
Throwing       | |  1.7
Dodging        | |  2.6

Action                     |  1- 3 |  4- 6 |  7- 9 | 10-12 || total
---------------------------+-------+-------+-------+-------++-------
  Melee: War axe           |    59 |    39 |   160 |       ||   258
         Dagger            |    53 |     7 |       |       ||    60
         Mace              |       |    26 |   206 |   112 ||   344
         Hand axe          |       |       |    53 |    66 ||   119
         Eveningstar       |       |       |       |    52 ||    52
  Throw: Throwing net      |       |     1 |       |       ||     1
 Invoke: Stomp             |       |       |       |     3 ||     3
  Evoke: Wand              |       |       |     1 |     4 ||     5
    Use: Scroll            |       |       |    16 |     3 ||    19
         Potion            |       |       |     2 |     8 ||    10
   Stab: Held in net/web   |       |     2 |       |       ||     2
         Paralysed         |       |       |     3 |    14 ||    17
 Armour: Leather armour    |    32 |     5 |       |       ||    37
         Plate armour      |       |    25 |   268 |   241 ||   534
         Skin              |       |       |       |    44 ||    44
  Dodge: Dodged            |    39 |    11 |    38 |    55 ||   143

Levels and vault maps discovered:
D:1:      dpeg_arrival_short_road, layout_basic, minmay_misc_feat_enclosed,
          amcnicky_mini_rare_corridor_liquid, minmay_misc_feat_encased,
          chequers_serial_rivers_micro_a
D:2:      layout_basic, hellmonk_ecumenical_altar_run_dry
D:3:      layout_basic, mainiacjoe_overflow_alcove_2, uniq_crazy_yiuf_cottage,
          uniq_ijyb
D:4:      layout_loops_corners, minitemple, mainiacjoe_overflow_six_doors_small,
          nicolae_shop_gadgets
D:5:      layout_cave_pods, minmay_manual_maat
D:6:      layout_rooms, gammafunk_ghost_arena
D:7:      cheibrodos_steamvent, layout_loops_ring,
          beargit_hepliaklqana_dungeon_heroes, minmay_temple_entry_hall,
          uniq_duvessa, uniq_menkaure
D:8:      layout_basic, general_overflow_altar, enter_bailey_6,
          dreamdust_wishing_well, uniq_pikel
D:9:      layout_big_octagon, nicolae_take_the_stairs, uniq_grum, uniq_erolcha,
          uniq_harold, uniq_amaemon
Temple:   nicolae_temple_x_marks_the_god

Notes
Turn   | Place    | Note
-------+----------+-------------------------------------------
     0 | D:1      | ytrimaz the Coglin Gladiator began the quest for the Orb.
     0 | D:1      | Reached XP level 1. HP: 16/16 MP: 1/1
     0 | D:1      | magus.rc [v1.9.6]
   156 | D:1      | Reached XP level 2. HP: 22/22 MP: 2/2
   996 | D:2      | Found a faded altar of an unknown god.
  1004 | D:2      | Reached XP level 3. HP: 28/28 MP: 3/3
  1126 | D:2      | Reached skill level 4 in Axes
  1535 | D:2      | Reached XP level 4. HP: 34/34 MP: 4/4
  1825 | D:3      | Identified the +1 hammer of Hieso {venom, rElec rPois Str-3
                  | SInv}
  1828 | D:3      | Found a runed translucent door.
  1829 | D:3      | Noticed Crazy Yiuf
  2023 | D:3      | Reached skill level 3 in Fighting
  2046 | D:3      | Noticed Ijyb
  2054 | D:3      | Killed Ijyb
  2529 | D:3      | Found a blossoming altar of Fedhas.
  2644 | D:3      | Killed Crazy Yiuf
  2645 | D:3      | Reached skill level 5 in Axes
  2645 | D:3      | Reached XP level 5. HP: 38/41 MP: 5/5
  2885 | D:4      | Noticed a two-headed ogre
  2892 | D:4      | Killed a two-headed ogre
  2893 | D:4      | Reached skill level 5 in Fighting
  2893 | D:4      | Reached skill level 7 in Axes
  2893 | D:4      | Reached XP level 6. HP: 26/51 MP: 6/6
  2893 | D:4      | Reached XP level 7. HP: 29/56 MP: 7/7
  3066 | D:4      | Found Cuju's Gadget Gallery.
  3339 | D:4      | Reached XP level 8. HP: 58/62 MP: 8/8
  3368 | D:4      | Found an iron altar of Okawaru.
  3463 | D:4      | Found a white marble altar of Elyvilon.
  3463 | D:4      | Found a broken altar of Ashenzari.
  3761 | D:5      | Entered Level 5 of the Dungeon
  3793 | D:5      | Reached skill level 8 in Axes
  3886 | D:5      | HP: 11/64 [burnt (7)]
  3888 | D:5      | HP: 3/64 [orc warrior/+0 scimitar (5)]
  4156 | D:5      | Reached skill level 6 in Fighting
  4744 | D:6      | Reached skill level 9 in Axes
  4749 | D:6      | Identified the +0 robe of Insecurity {SInv}
  4961 | D:6      | Reached XP level 9. HP: 22/71 MP: 9/9
  5169 | D:6      | Found a transporter.
  5229 | D:6      | Found a transporter.
  5230 | D:6      | Noticed ForkInBrain's ghost (novice CoHu)
  5394 | D:7      | Noticed Menkaure
  5402 | D:7      | Reached skill level 7 in Fighting
  5402 | D:7      | Reached skill level 10 in Axes
  5408 | D:7      | Killed Menkaure
  6062 | D:7      | Reached skill level 11 in Axes
  6162 | D:7      | Found a faded altar of an unknown god.
  6163 | D:7      | Found a hazy altar of Hepliaklqana.
  6317 | D:7      | Noticed Duvessa
  6328 | D:7      | Killed Duvessa
  6328 | D:7      | Noticed Dowan
  6329 | D:7      | Reached skill level 8 in Fighting
  6334 | D:7      | Killed Dowan
  6390 | D:7      | You pick up a book of Frost and begin reading...
  6390 | D:7      | You add the spells Freeze, Frozen Ramparts and Hailstorm to
                  | your library.
  6409 | D:7      | Found a staircase to the Ecumenical Temple.
  6415 | Temple   | Entered the Ecumenical Temple
  6437 | Temple   | Became a worshipper of Uskayaw the Reveller
  6618 | D:7      | Reached * piety under Uskayaw
  6805 | D:8      | Reached ** piety under Uskayaw
  6807 | D:8      | Reached *** piety under Uskayaw
  6810 | D:8      | Reached **** piety under Uskayaw
  6824 | D:8      | You pick up a book of Power and begin reading...
  6824 | D:8      | You add the spells Iskenderun's Battlesphere, Bombard and
                  | Spellforged Servitor to your library.
  6884 | D:8      | Reached XP level 10. HP: 78/80 MP: 10/10
  6900 | D:8      | Reached ***** piety under Uskayaw
  6945 | D:8      | Reached skill level 1 in Invocations
  6948 | D:8      | HP: 19/82 [wight/+6 great sword (3)]
  7063 | D:8      | Reached skill level 12 in Axes
  7126 | D:8      | Found a flagged portal.
  7158 | Bailey   | Entered a bailey
  7360 | Bailey   | Identified the ring of Onuikang {Fly Will+}
  7467 | Bailey   | a kobold comes into view. It is wearing the +1 robe of
                  | Vines {NoPotionHeal Regen++++}.
  7708 | D:8      | Reached skill level 2 in Invocations
  7748 | D:8      | Noticed Pikel
  7757 | D:8      | Killed Pikel
  7758 | D:8      | Reached skill level 9 in Fighting
  7758 | D:8      | Reached skill level 1 in Maces & Flails
  7833 | D:8      | Identified a scroll of acquirement
  7993 | D:8      | You pick up a book of Unlife and begin reading...
  7993 | D:8      | You add the spells Animate Dead, Borgnjor's Vile Clutch and
                  | Death Channel to your library.
  8211 | D:8      | Found a shadowy altar of Dithmenos.
  8450 | D:9      | Reached skill level 2 in Maces & Flails
  8482 | D:9      | Reached skill level 3 in Invocations
  8488 | D:9      | HP: 15/83 [yak (13)]
  8702 | D:9      | Noticed an orange demon
  8702 | D:9      | Noticed Amaemon
  8861 | D:9      | Noticed Grum
  8866 | D:9      | Noticed Harold
  8877 | D:9      | HP: 20/83 [Amaemon/-2 demon whip of venom (11)]
  8882 | D:9      | HP: 16/83 [scorpion[Amaemon] (1)]
  8885 | D:9      | HP: 6/83 [scorpion[Amaemon] (3)]
  8890 | D:9      | HP: 22/124 [poisoned by scorpion (concentrated venom)]
  8890 | D:9      | HP: 9/124 [scorpion[Amaemon] (3)]
  8891 | D:9      | Slain by a killer bee

Vanquished Creatures
  A two-headed ogre (D:4)
  Pikel (D:8)
  A wraith (D:9)
  4 yaks (D:9)
  Menkaure (D:7)
  2 steam dragons (D:7)
  Duvessa (D:7)
  A sky beast (D:8)
  4 ice beasts
  6 orc warriors
  An ogre (D:6)
  2 centaurs
  A lemure (D:8)
  3 bullfrogs
  A scorpion (D:6)
  15 wights
  Dowan (D:7)
  4 howler monkeys
  2 hounds
  3 jellies
  2 bombardier beetles (D:5)
  Crazy Yiuf (D:3)
  3 orc priests
  A sleepcap (D:7)
  Ijyb (D:3)
  2 iguanas (D:6)
  6 orc wizards
  7 gnolls
  12 adders
  4 white imps
  4 ufetubi
  2 dart slugs
  17 orcs
  A ball python (D:2)
  5 bats
  5 endoplasms
  5 giant cockroaches
  8 goblins
  11 hobgoblins
  4 jackals (D:4)
  14 kobolds
  2 quokkas (D:1)
  6 frilled lizards
  7 rats
185 creatures vanquished.

Vanquished Creatures (collateral kills)
  2 wights (D:8)
  An orc priest (D:8)
  3 orcs (D:8)
6 creatures vanquished.

Grand Total: 191 creatures vanquished

Table legend:
 A = Non-vault XP
 B = Vault XP
 C = Vault XP percentage of total XP
 D = Non-vault monster count
 E = Vault monster count
 F = Vault count percentage of total count
                 A         B        C        D         E       F
            +---------+---------+-------+---------+---------+-------
      Total |    5666 |    2544 |  31.0 |     155 |      35 |  18.4
            +---------+---------+-------+---------+---------+-------
        D:1 |      28 |       0 |   0.0 |      16 |       0 |   0.0
        D:2 |      71 |       0 |   0.0 |      22 |       0 |   0.0
        D:3 |      26 |      79 |  75.2 |       9 |       2 |  18.2
        D:4 |    1005 |       0 |   0.0 |      25 |       0 |   0.0
        D:5 |     267 |     368 |  58.0 |      10 |       6 |  37.5
        D:6 |     738 |       0 |   0.0 |      24 |       0 |   0.0
        D:7 |     987 |     856 |  46.4 |      18 |       6 |  25.0
        D:8 |    1522 |     641 |  29.6 |      26 |       1 |   3.7
        D:9 |    1022 |       0 |   0.0 |       5 |       0 |   0.0
     Bailey |       0 |     600 | 100.0 |       0 |      20 | 100.0
            +---------+---------+-------+---------+---------+-------

Skill      XL: |  1  2  3  4  5  6  7  8  9 10 |
---------------+-------------------------------+-----
Axes           | 4 5 7 9 11 12 | 12.1
Fighting       | 3 5 6 8 9 |  9.3
Invocations    | 3 |  3.2
Maces & Flails | 2 |  2.7
Throwing       | |  1.7
Dodging        | |  2.6

Action                     |  1- 3 |  4- 6 |  7- 9 | 10-12 || total
---------------------------+-------+-------+-------+-------++-------
  Melee: War axe           |    59 |    39 |   160 |       ||   258
         Dagger            |    53 |     7 |       |       ||    60
         Mace              |       |    26 |   206 |   112 ||   344
         Hand axe          |       |       |    53 |    66 ||   119
         Eveningstar       |       |       |       |    52 ||    52
  Throw: Throwing net      |       |     1 |       |       ||     1
 Invoke: Stomp             |       |       |       |     3 ||     3
  Evoke: Wand              |       |       |     1 |     4 ||     5
    Use: Scroll            |       |       |    16 |     3 ||    19
         Potion            |       |       |     2 |     8 ||    10
   Stab: Held in net/web   |       |     2 |       |       ||     2
         Paralysed         |       |       |     3 |    14 ||    17
 Armour: Leather armour    |    32 |     5 |       |       ||    37
         Plate armour      |       |    25 |   268 |   241 ||   534
         Skin              |       |       |       |    44 ||    44
  Dodge: Dodged            |    39 |    11 |    38 |    55 ||   143

Illustrated notes

Table legend:
 A = Kills in this place as a percentage of kills in the entire game.
 B = Kills by you in this place as a percentage of kills by you in the entire game.
 C = Kills by friends in this place as a percentage of kills by friends in the entire game.
 D = Other kills in this place as a percentage of other kills in the entire game.
 E = Experience gained in this place as a percentage of experience gained in the entire game.
 F = Experience gained in this place divided by the number of levels of this place that you have seen.
                   A       B       C       D       E      F
               +-------+-------+-------+-------+-------+----------------------
         Total | 100.0 | 100.0 | 100.0 |   N/A | 100.0 | 746.4
       Dungeon |  89.5 |  89.1 | 100.0 |   N/A |  92.7 | 845.6
        Bailey |  10.5 |  10.9 |   0.0 |   N/A |   7.3 | 600.0
               +-------+-------+-------+-------+-------+----------------------

Table legend: (Time is in decaauts)
 A = Elapsed time spent in this place.
 B = Non-inter-level travel time spent in this place.
 C = Inter-level travel time spent in this place.
 D = Time resting spent in this place.
 E = Time spent auto-exploring this place.
 F = Levels seen in this place.
 G = Mean time per level.
                   A        B        C        D        E       F      G
               +--------+--------+--------+--------+--------+-----+--------+
         Total |   8940 |   8577 |    363 |    465 |   6557 |  11 |  812.7 |
       Dungeon |   8416 |   8060 |    356 |    465 |   6249 |   9 |  935.1 |
        Temple |     30 |     23 |      7 |      0 |      0 |   1 |   30.0 |
        Bailey |    494 |    494 |      0 |      0 |    307 |   1 |  494.0 |
               +--------+--------+--------+--------+--------+-----+--------+

Top non-repeatable levels by time:
     D:8: 1292 daAuts
     D:7: 1249 daAuts
     D:5: 1095 daAuts
     D:4: 1073 daAuts
     D:3: 946 daAuts
     D:1: 918 daAuts
     D:2: 848 daAuts
     D:6: 671 daAuts
  Bailey: 494 daAuts
     D:9: 321 daAuts
  Temple: 30 daAuts
